 Dungeon Crawl Stone Soup version 0.19.4-8-ga85b6b9 (webtiles) character file.

1028 Tehsapper the Cudgeler (level 8, -6/80 HPs)
             Began as a Troll Fighter on Feb 13, 2017.
             Was an Initiate of Trog.
             Mangled by an orc warrior
             ... wielding a +2 short sword of speed
              (16 damage)
             ... on level 5 of the Dungeon.
             The game lasted 00:37:54 (4137 turns).

Tehsapper the Cudgeler (Troll Fighter)              Turns: 4137, Time: 00:37:55

Health: -6/80      AC:  7    Str: 30 (31) XL:     8   Next: 3%
Magic:  7/7        EV:  9    Int:  4      God:    Trog [......]
Gold:   170        SH: 10    Dex:  9 (10) Spells: 0 memorised, 7 levels left

rFire  + . .     SeeInvis .     a - +0 flail
rCold  . . .     Gourm    +     F - +0 robe {rF+}
rNeg   . . .     Faith    .     c - +0 shield
rPois  .         Spirit   .     (helmet restricted)
rElec  .         Reflect  .     g - +0 cloak
rCorr  .         Harm     .     (gloves unavailable)
MR     +....                    (boots unavailable)
Stlth  ++........               (no amulet)
                                p - ring of protection from magic
                                v - ring of stealth

@: mighty
A: unfitting armour, claws 3, horns 1, rugged brown scales 1, deterioration 1,
fast metabolism 3, gourmand, regeneration 1, shaggy fur 1, tough skin 2,
evolution 1
a: Burn Spellbooks, Renounce Religion


You were on level 5 of the Dungeon.
You worshipped Trog.
Trog was noncommittal.
You were not hungry.

You visited 2 branches of the dungeon, and saw 7 of its levels.

You collected 262 gold pieces.
You spent 92 gold pieces at shops.

Inventory:

Hand Weapons
 a - a +0 flail (weapon)
 l - a +0 dagger
 m - a cursed -1 dagger
 E - a +0 war axe
 G - a +2 falchion of slicing
Armour
 c - a +0 shield (worn)
 g - a +0 cloak (worn)
 F - a +0 robe of fire resistance (worn)
Jewellery
 p - a ring of protection from magic (right claw)
 q - an uncursed ring of ice {unknown}
 v - a ring of stealth (left claw)
Wands
 t - a wand of slowing (27/48)
 x - a wand of disintegration (6/24)
 z - a wand of heal wounds (3/9)
 A - a wand of confusion (25/48)
 D - a wand of confusion (32/48)
Scrolls
 b - 2 scrolls of identify
 h - 3 scrolls of remove curse
 i - 2 scrolls of amnesia {unknown}
 j - 4 scrolls of magic mapping {unknown}
 o - 3 scrolls of teleportation {unknown}
 r - 2 scrolls of enchant weapon {unknown}
 s - a scroll of enchant armour {unknown}
 u - a scroll of recharging {unknown}
 w - 2 scrolls of blinking {unknown}
 y - a scroll of fear {unknown}
Potions
 d - a potion of might
 e - a potion of heal wounds {unknown}
 C - a potion of curing
 H - a potion of berserk rage {unknown}
Comestibles
 f - 4 bread rations
 k - 4 fruits
 n - a royal jelly


   Skills:
 + Level 4.0 Fighting
 + Level 5.0 Maces & Flails
 + Level 4.2 Dodging
 + Level 1.1 Stealth
 + Level 4.5 Shields


You had 7 spell levels left.
You didn't know any spells.

Dungeon Overview and Level Annotations

Branches:
Dungeon (6/15)             Temple (1/1) D:5

Altars:
Ashenzari
Cheibriados
Dithmenos
Elyvilon
Fedhas
Gozag
Hepliaklqana
Ru
Trog
Uskayaw
The Shining One

Shops:
D:4 *   D:5 [


Innate Abilities, Weirdness & Mutations

You are too large for most types of armour.
You have claws for hands.
Your metabolism is lightning-fast.
You like to eat raw meat.
Your natural rate of healing is unusually fast.
You are covered in fur. (AC +1)
You have very tough skin. (AC +2)
You have a pair of small horns on your head.
You are partially covered in rugged brown scales. (AC +1, +3% HP)
Your body sometimes deteriorates upon taking damage.
You evolve.


Message History

The orc wizard casts a spell.
The orc wizard blinks!
You block the orc warrior's attack.
You hit the orc warrior but do no damage.
Your headbutt misses the orc warrior.
The orc warrior is almost dead.
The orc warrior hits you with a short sword of speed!
You closely miss the orc warrior. Your headbutt misses the orc warrior.
The orc warrior is almost dead.
The orc warrior hits you with a short sword of speed!
* * * LOW HITPOINT WARNING * * *
The orc warrior hits you with a short sword of speed!
* * * LOW HITPOINT WARNING * * *
You feel better. The orc warrior barely misses you.
You feel very mighty all of a sudden.
The orc warrior hits you with a short sword of speed!
* * * LOW HITPOINT WARNING * * *
Your body deteriorates!
You feel clumsy.
You feel better.
The orc warrior hits you with a short sword of speed!
You die...

#......#
#..##.......#
#......#
##.##....<..#
######## #.##.......#
#.##.......#######
#..#..............
######
#..#.#'#+#.#######
.....# #o..o#.#.#.#
#..# ####.#
#o#..#.#.#.# #..#
####.#
#@#.o#...#.####..#
.....#
#.#...⌠..........#
.#####
#.#..............# .#
#.#.⌠.>.⌠.######## .#
#.#............... .#
#.#...⌠...######## .#
#..#...#......# # .#
########.#.#.######.#
# .# #........#.#.#
#.# #


You could see an orc warrior and an orc wizard.

Vanquished Creatures
  The ghost of cotteux the Chopper, an amateur MiBe of Trog (D:4)
  A phantom (D:4)
  A crocodile (D:3)
  Blork the orc (D:5)
  2 crimson imps (D:5)
  4 jellies
  An iguana (D:4)
  7 worker ants
  A killer bee zombie (D:5)
  A hound skeleton (D:4)
  A worker ant zombie (D:5)
  7 adders
  4 oozes (D:1)
  2 worms
  A dart slug (D:1)
  3 leopard geckos
  4 orcs
  A ball python (D:1)
  6 giant cockroaches
  6 goblins
  4 hobgoblins
  9 jackals
  12 bats
  4 frilled lizards
  8 kobolds
  9 rats
101 creatures vanquished.

Notes
Turn   | Place    | Note
-------+----------+-------------------------------------------
     0 | D:1      | Tehsapper the Troll Fighter began the quest for the Orb.
     0 | D:1      | Reached XP level 1. HP: 22/22 MP: 0/0
     7 | D:1      | Found a runed door.
     8 | D:1      | Noticed a jelly
    25 | D:1      | Reached XP level 2. HP: 20/29 MP: 1/1
    34 | D:1      | Reached skill level 2 in Maces & Flails
    46 | D:1      | Reached XP level 3. HP: 20/36 MP: 2/2
   313 | D:1      | Reached XP level 4. HP: 45/45 MP: 3/3
   892 | D:2      | Found a sacrificial altar of Ru.
  1555 | D:3      | Reached XP level 5. HP: 52/53 MP: 4/4
  1724 | D:3      | Noticed a crocodile
  1734 | D:3      | Killed a crocodile
  1734 | D:3      | Reached skill level 3 in Maces & Flails
  2166 | D:3      | Gained mutation: Your body sometimes deteriorates upon taking damage. [potion of mutation]
  2166 | D:3      | Gained mutation: You evolve. [potion of mutation]
  2166 | D:3      | Gained mutation: You have a pair of small horns on your head. [potion of mutation]
  2226 | D:3      | Gained mutation: You are partially covered in rugged brown scales. (AC +1, +3% HP) [evolution]
  2264 | D:4      | Reached XP level 6. HP: 62/62 MP: 5/5
  2477 | D:4      | Found Wagga's General Store.
  2479 | D:4      | Noticed cotteux's ghost (amateur MiBe)
  2509 | D:4      | Killed cotteux's ghost
  2509 | D:4      | Reached XP level 7. HP: 39/69 MP: 6/6
  2538 | D:4      | Reached skill level 4 in Maces & Flails
  3026 | D:5      | Entered Level 5 of the Dungeon
  3114 | D:5      | Found a staircase to the Ecumenical Temple.
  3142 | D:5      | Reached skill level 1 in Stealth
  3168 | D:5      | Noticed Blork the orc
  3188 | D:5      | Killed Blork the orc
  3200 | D:5      | Found Penaeresch's Armour Shoppe.
  3208 | D:5      | Bought a +0 robe of fire resistance for 92 gold pieces
  3522 | D:5      | Reached skill level 5 in Maces & Flails
  3554 | D:5      | Reached XP level 8. HP: 80/80 MP: 7/7
  4019 | Temple   | Entered the Ecumenical Temple
  4083 | Temple   | Became a worshipper of Trog the Wrathful
  4136 | D:5      | HP: 4/80 [orc warrior/short sword of speed (17)]
  4137 | D:5      | Mangled by an orc warrior

Skill      XL: |  1  2  3  4  5  6  7  8 |
---------------+-------------------------+-----
Maces & Flails | 2 3 5 |  5.0
Fighting       | 3 4 |  4.0
Dodging        | 3 4 |  4.2
Shields        | 3 4 |  4.5
Stealth        | 1 |  1.1

Action                   |  1- 3 |  4- 6 |  7- 9 || total
-------------------------+-------+-------+-------++-------
Melee: Flail             |    65 |   259 |   112 ||   436
       Headbutt          |       |    10 |    20 ||    30
Evoke: Wand              |       |       |     1 ||     1
  Use: Potion            |       |     4 |     4 ||     8
       Scroll            |       |     3 |       ||     3
 Stab: Sleeping          |       |     3 |     3 ||     6
       Distracted        |       |       |     1 ||     1
  Eat: Chunk             |       |    18 |     7 ||    25
       Fruit             |       |     2 |       ||     2
       Bread ration      |       |     1 |       ||     1
       Pizza             |       |     1 |       ||     1
       Meat ration       |       |       |     1 ||     1
Armor: Robe              |    36 |    89 |    26 ||   151
Dodge: Dodged            |    29 |    87 |    38 ||   154
Block: Shield            |    32 |   145 |    54 ||   231
